 Dungeon Crawl Stone Soup version 0.17-a0-1632-g0af21bd (webtiles) character file.

4466 urechis the Grappler (level 10, -9/101 (102) HPs)
             Began as a Troll Monk on Aug 3, 2015.
             Killed from afar by Erolcha (21 damage)
             ... with a fireball
             ... on level 10 of the Dungeon.
             The game lasted 00:10:54 (7094 turns).

urechis the Grappler (Troll Monk)                   Turns: 7094, Time: 00:10:55

HP:   -9/101 (102)  AC:  6    Str: 21    XL:     10   Next: 15%
MP:   9/9           EV:  8    Int:  6    God:
Gold: 641           SH:  8    Dex: 15    Spells: 0 memorised, 9 levels left

rFire  . . .     SeeInvis .       - Unarmed
rCold  . . .     Clarity  .     a - +0 robe
rNeg   . . .     SustAt   .     M - +0 shield
rPois  +         Gourm    +     (helmet restricted)
rElec  .         Spirit   .     v - +0 cloak
rCorr  .         Warding  .     (gloves unavailable)
rMut   .         Stasis   +     (boots unavailable)
MR     +....                    J - amulet of stasis
Stlth  ++........               l - ring of poison resistance
                                y - ring of protection from magic

@: invisible, somewhat resistant to hostile enchantments, unstealthy
A: unfitting armour, claws 3, fast metabolism 3, gourmand, regeneration 2,
shaggy fur 1, tough skin 2
a: no special abilities


You were on level 10 of the Dungeon.
You were completely stuffed.

You visited 2 branches of the dungeon, and saw 11 of its levels.

You collected 641 gold pieces.

Inventory:

Missiles
 f - 42 poisoned needles
 q - 11 curare-tipped needles
 G - 2 large rocks (quivered)
 N - 4 throwing nets
Armour
 a - a +0 robe (worn)
 v - a +0 cloak (worn)
 M - a +0 shield (worn)
Jewellery
 l - a ring of poison resistance (right claw)
 w - an uncursed ring of wizardry
 y - a ring of protection from magic (left claw)
 C - an uncursed amulet of resist mutation
 J - an amulet of stasis (around neck)
Magical devices
 z - a wand of disintegration (18)
 H - a wand of confusion (39)
 I - a wand of teleportation (3)
 T - a wand of slowing (10)
Scrolls
 c - 4 scrolls of enchant armour
 d - 2 scrolls of magic mapping
 g - 5 scrolls of teleportation
 j - a scroll of blinking {unknown}
 k - 2 scrolls of fog {unknown}
 p - 6 scrolls of remove curse
 s - 4 scrolls of amnesia
 D - 2 scrolls of fear {unknown}
 E - 2 scrolls of recharging {unknown}
Potions
 e - 2 potions of degeneration {unknown}
 i - a potion of cure mutation {unknown}
 m - 2 potions of berserk rage {unknown}
 o - 2 potions of curing
 t - 4 potions of brilliance
 u - a potion of cancellation {unknown}
 x - a potion of might {unknown}
 A - a potion of invisibility
 B - a potion of poison {unknown}
 K - a potion of magic {unknown}
 O - a potion of lignification {unknown}
 P - 2 potions of flight {unknown}
 Q - a potion of resistance {unknown}
Comestibles
 b - 10 bread rations
 n - 3 meat rations
 r - 2 slices of pizza
 F - a royal jelly
 L - a beef jerky
 R - 2 fruits
 S - 2 chunks of flesh


   Skills:
 - Level 7.4 Fighting
 - Level 2.4 Dodging
 - Level 1.1 Stealth
 + Level 1.4 Shields
 - Level 12.4 Unarmed Combat


You had 9 spell levels left.
You didn't know any spells.

Dungeon Overview and Level Annotations

Branches:
Dungeon (10/15)            Temple (1/1) D:6            Lair (0/8) D:10
    Orc: D:9-12

Altars:
Ashenzari
Cheibriados
Dithmenos
Elyvilon
Fedhas
Gozag
Kikubaaqudgha
Makhleb
Nemelex Xobeh
Okawaru
Qazlal
Ru
Sif Muna
Trog
Vehumet
Xom
Yredelemnul
Zin
The Shining One

Shops:
D:4 (   D:9 =

Annotations:
D:10 Erolcha


Innate Abilities, Weirdness & Mutations

You are too large for most types of armour.
You have claws for hands.
Your metabolism is lightning-fast.
You like to eat raw meat.
You heal very quickly.
You are covered in fur (AC +1).
You have very tough skin (AC +2).


Message History

You claw something!
The centaur shoots an arrow.
The kobold throws a stone.
The stone barely misses you.
The big kobold throws a stone.
The stone hits you but does no damage.
You claw something! Something hits you!!
* * * LOW HITPOINT WARNING * * *
The centaur shoots an arrow.
The arrow hits you!
* * * LOW HITPOINT WARNING * * *
You closely miss something.
The kobold throws a stone.
The big kobold throws a stone.
The centaur shoots an arrow.
The arrow hits you.
* * * LOW HITPOINT WARNING * * *
Something hits you.
* * * LOW HITPOINT WARNING * * *
Drink which item? (? for menu, Esc to quit)
You fade into invisibility!
The centaur shoots an arrow.
The arrow closely misses you.
The arrow hits the fungus!
You hear some strange, mumbled words.
A fireball appears from out of thin air!
The fireball explodes!
The fireball engulfs you!
You die...

#.#......#(>#.....#.#
##.##..†..'.)#P......##
#...#÷P..P####.PP.....#
#.#.......P....P.P..#.#
#...#....P...P.P..#.#.#####
#####..P..P...P..†.........
#........P.P...#.........
###.#.##.....P..##Ky>..#.##
#...#.##....###.@{KK...#
#.#.#.##>#### ####cK.....#
#.######.# ###.....#
#.#...##.# #......
#.'.._#..# ......
###...#### ...... #####
..##


You could see a big kobold, a centaur, a killer bee and 3 kobolds.

Vanquished Creatures
  A spriggan (D:8)
  2 yaks (D:10)
  A deep elf fighter (D:10)
  4 deep elf magi (D:9)
  A phantom (D:9)
  4 ice beasts
  2 necrophages (D:6)
  2 sky beasts (D:8)
  An ogre (D:4)
  A big kobold (D:10)
  2 centaurs
  4 jellies
  3 scorpions
  5 killer bees
  4 wights (D:9)
  A quasit (D:10)
  3 crimson imps
  2 orc priests
  A giant frog zombie (D:6)
  5 hounds
  2 giant frog skeletons
  2 centaur skeletons
  2 gnoll shamans
  An iguana (D:5)
  8 worker ants
  11 orc wizards
  2 hound zombies
  A hound skeleton (D:5)
  16 gnolls
  6 adders
  3 shadow imps
  5 river rats (D:10)
  An ooze (D:5)
  An adder skeleton (D:6)
  An adder zombie (D:7)
  2 worms
  7 giant geckos
  38 orcs
  A ball python (D:2)
  15 bats
  7 giant cockroaches
  9 hobgoblins
  4 jackals (D:6)
  7 kobolds
  4 quokkas
  A sheep (D:5)
  2 giant gecko zombies
  12 giant newts
  12 goblins
  14 rats
246 creatures vanquished.

Notes
Turn   | Place    | Note
--------------------------------------------------------------
     0 | D:1      | urechis the Troll Monk began the quest for the Orb.
     0 | D:1      | Reached XP level 1. HP: 22/22 MP: 0/0
    92 | D:1      | Reached XP level 2. HP: 29/29 MP: 1/1
   606 | D:2      | Found a deep blue altar of Sif Muna.
   609 | D:2      | Found a bloodstained altar of Trog.
   612 | D:2      | Found a snail-covered altar of Cheibriados.
   672 | D:2      | Reached XP level 3. HP: 36/36 MP: 2/2
   736 | D:2      | Found a glowing golden altar of the Shining One.
  1026 | D:2      | Reached skill level 5 in Unarmed Combat
  1225 | D:3      | Found a sacrificial altar of Ru.
  1392 | D:3      | Reached XP level 4. HP: 44/44 MP: 3/3
  2109 | D:4      | Found a basalt altar of Yredelemnul.
  2115 | D:4      | Reached XP level 5. HP: 50/53 MP: 4/4
  2132 | D:4      | Noticed an ogre
  2171 | D:4      | Killed an ogre
  2171 | D:4      | Reached skill level 6 in Unarmed Combat
  2198 | D:4      | Reached XP level 6. HP: 48/62 MP: 5/5
  2294 | D:4      | Found Ninnomnedoe's Weapon Boutique.
  2786 | D:4      | Reached skill level 7 in Unarmed Combat
  2877 | D:5      | Entered Level 5 of the Dungeon
  3042 | D:5      | Found a shimmering altar of Xom.
  3074 | D:5      | Reached XP level 7. HP: 63/70 MP: 6/6
  3090 | D:5      | Found an iron altar of Okawaru.
  3200 | D:5      | Reached skill level 8 in Unarmed Combat
  3741 | D:6      | Reached skill level 5 in Fighting
  3741 | D:6      | Reached XP level 8. HP: 74/80 MP: 7/7
  3751 | D:6      | Reached skill level 9 in Unarmed Combat
  3933 | D:6      | Found a sacrificial altar of Ru.
  3970 | D:6      | Found a staircase to the Ecumenical Temple.
  4089 | Temple   | Entered the Ecumenical Temple
  4588 | D:7      | Reached skill level 10 in Unarmed Combat
  5073 | D:7      | Found a sparkling altar of Nemelex Xobeh.
  5162 | D:8      | Reached XP level 9. HP: 88/88 MP: 8/8
  5641 | D:8      | Reached skill level 11 in Unarmed Combat
  5678 | D:8      | Found a shattered altar of Ashenzari.
  6357 | D:9      | Found Egithrese's Jewellery Shoppe.
  6604 | D:9      | Reached skill level 12 in Unarmed Combat
  6861 | D:10     | Entered Level 10 of the Dungeon
  6932 | D:10     | Reached XP level 10. HP: 97/101 MP: 9/9
  6959 | D:10     | Found a staircase to the Lair.
  7005 | D:10     | Found a shadowy altar of Dithmenos.
  7076 | D:10     | Noticed Erolcha
  7087 | D:10     | Reached skill level 1 in Shields
  7094 | D:10     | Killed from afar by Erolcha

Vault maps used:
D:1:      minmay_arrival_radiant_lines
D:2:      lemuel_coloured_pillars_altar, grunt_temple_overflow_diamond
D:3:      wad_river_or_something, lemuel_doored_altar, hangedman_glass_teeth
D:4:      serial_shops, nicolae_shop_crystal, yredelemnul_altar_generic
D:5:      kennysheep_mini, first_bread, dk_xom_monty_hall
D:6:      minmay_temple_entry_nine_rooms, minmay_misc_feat_chi,
          nicolae_ru_great_annihilating_truth
D:7:      nicolae_overflow_hidden_temple
D:8:      basic_altar, the_bakery
D:9:      serial_shops, shop
D:10:     grunt_lair_entry_elf_guard_hut, nicolae_trove_entry_path_of_doom,
          grunt_dithmenos_shadows, uniq_erolcha, uniq_erica
Temple:   circular_temple_12

Action                   |  1- 3 |  4- 6 |  7- 9 | 10-12 || total
-------------------------+-------+-------+-------+-------++-------
Melee: Unarmed           |    93 |   128 |   365 |    40 ||   626
  Use: Scroll            |       |       |       |     7 ||     7
       Potion            |       |       |       |     1 ||     1
 Stab: Sleeping          |     4 |     2 |     4 |     1 ||    11
       Distracted        |       |       |     1 |       ||     1
       Paralysed         |       |       |     2 |       ||     2
  Eat: Chunk             |    13 |    20 |    36 |     1 ||    70
